 Dungeon Crawl Stone Soup version 0.21.1-1-g345015f (webtiles) character file.

50080 pkoi the Destroyer (level 14, -5/113 HPs)
             Began as a White Draconian Conjurer on June 26, 2018.
             Was the Champion of Okawaru.
             Slain by an enchanted long sword (22 damage)
             ... on level 13 of the Dungeon on June 27, 2018.
             The game lasted 01:28:23 (32090 turns).

pkoi the Destroyer (White Draconian Conjurer)      Turns: 32090, Time: 01:28:24

Health: -5/113     AC: 14    Str: 12    XL:     14   Next: 18%
Magic:  13/21      EV: 15    Int: 24    God:    Okawaru [******]
Gold:   1308       SH:  8    Dex: 12    Spells: 2/23 levels left

rFire    . . .     SeeInvis .   b - staff of conjuration
rCold    + . .     Gourm    +   m - +3 warlock's mirror {reflect}
rNeg     . . .     Faith    .   (armour unavailable)
rPois    +         Spirit   .   U - +2 hat
rElec    .         Reflect  +   F - +1 cloak {rPois}
rCorr    .         Harm     .   (no gloves)
MR       +....                  k - +1 pair of boots
Stlth    +++.......             R - amulet of the gourmand
HPRegen  0.28/turn              Q - +3 ring of intelligence
MPRegen  0.17/turn              E - ring of wizardry

@: no status effects
A: breathe frost, unfitting armour, cold resistance 1, strong 1, wild magic 1,
cold-blooded, AC +8
a: Breathe Frost, Heroism, Finesse, Renounce Religion


You were on level 13 of the Dungeon.
You worshipped Okawaru.
Okawaru was exalted by your worship.
You were very full.

You visited 3 branches of the dungeon, and saw 20 of its levels.
You also visited: Ice Cave.

You collected 1308 gold pieces.

Inventory:

Hand Weapons
 a - the +5 dagger of Duty {flame, Str-3 Dex+10 Stlth+}
   (You found it on level 10 of the Dungeon)

   It has been specially enchanted to burn those struck by it, causing extra
   injury to most foes and up to half again as much damage against particularly
   susceptible opponents.
   It affects your strength (-3).
   It affects your dexterity (+10).
   It makes you more stealthy.
 G - a +4 long sword
 J - the +7 Singing Sword
   (Okawaru gifted it to you on level 5 of the Lair of Beasts)
Armour
 k - a +1 pair of boots (worn)
 m - the +3 warlock's mirror (worn) {reflect}
   (Okawaru gifted it to you on level 2 of the Lair of Beasts)
 F - a +1 cloak of poison resistance (worn)
 O - the +0 hat of Monotheism {MR+}
   (Okawaru gifted it to you on level 6 of the Lair of Beasts)

   It affects your resistance to hostile enchantments.
 T - a +0 hat of see invisible
 U - a +2 hat (worn)
Magical Staves
 b - an uncursed staff of conjuration (weapon)
Jewellery
 l - an uncursed ring of protection from fire
 y - an uncursed ring of protection from magic
 D - a +3 amulet of reflection
 E - a ring of wizardry (right hand)
 I - an uncursed amulet of rage
 P - an uncursed ring of positive energy
 Q - a +3 ring of intelligence (left hand)
 R - an amulet of the gourmand (around neck)
Wands
 g - a wand of iceblast (7)
 j - a wand of clouds (4)
 p - a wand of flame (33)
 s - a wand of digging (25)
 w - a wand of paralysis (43)
 A - a wand of scattershot (6)
 H - a wand of random effects (12)
 M - a wand of polymorph (15)
Scrolls
 c - 5 scrolls of teleportation
 e - 17 scrolls of remove curse
 f - 2 scrolls of blinking
 i - 6 scrolls of identify
 n - 2 scrolls of enchant weapon
 o - 2 scrolls of magic mapping
 r - a scroll of fear
 N - a scroll of enchant armour
Potions
 d - 2 potions of ambrosia
 h - 4 potions of curing
 t - a potion of lignification
 v - a potion of invisibility
 x - a potion of brilliance
 z - 3 potions of flight
 C - 6 potions of might
 K - 2 potions of agility
 L - a potion of berserk rage
Miscellaneous
 B - a box of beasts
 W - a lightning rod (4/4)
Comestibles
 q - 25 rations


   Skills:
 - Level 7.2 Fighting
 - Level 5.0(7.9) Short Blades
 - Level 9.5(10.1) Long Blades
 - Level 6.8 Dodging
 - Level 5.6 Stealth
 - Level 4.0 Shields
 - Level 5.0 Spellcasting
 + Level 13.4 Conjurations
 - Level 8.7 Hexes
 - Level 2.6 Charms
 - Level 4.0 Translocations
 + Level 8.7 Ice Magic
 - Level 2.7 Invocations
 - Level 2.0 Evocations


You had 2 spell levels left.
You knew the following spells:

 Your Spells              Type           Power        Failure   Level  Hunger
a - Magic Dart            Conj           ####         1%          1    None
b - Searing Ray           Conj           ######       1%          2    None
c - Iskenderun's Mystic   Conj           #######.     1%          4    ####...
d - Fulminant Prism       Conj/Hex       #######...   1%          4    ####...
e - Apportation           Tloc           ####..       1%          1    None
f - Ensorcelled Hibernat  Hex/Ice        ######       1%          2    None
g - Throw Icicle          Conj/Ice       #######.     1%          4    ####...
h - Ozocubu's Armour      Chrm/Ice       #####...     1%          3    ##.....


Dungeon Overview and Level Annotations

Branches:
Dungeon (13/15)            Temple (1/1) D:4            Lair (6/6) D:9
  Swamp (0/4) Lair:3        Snake (0/4) Lair:4        Slime (0/5) Lair:5
    Orc (0/2) D:9
 Vaults: D:13-14

Altars:
Ashenzari
Cheibriados
Dithmenos
Elyvilon
Fedhas
Gozag
Hepliaklqana
Kikubaaqudgha
Makhleb
Nemelex Xobeh
Okawaru
Qazlal
Ru
Sif Muna
Trog
Uskayaw
Vehumet
Wu Jian
Xom
Yredelemnul
Zin
The Shining One

Shops:
D:8 [


Innate Abilities, Weirdness & Mutations

You can breathe waves of freezing cold.
You can buffet flying creatures when you breathe cold.
Your icy white scales are hard. (AC +8)
You cannot fit into any form of body armour.
Your flesh is cold resistant. (rC+)
You are cold-blooded and may be slowed by cold attacks.
Your muscles are strong. (Str +2)
Your spells are a little harder to cast, but a little more powerful.


Message History

You finish channeling your searing ray.
The enchanted long sword hits you!
* * * LOW HITPOINT WARNING * * *
Okay, then.
Unknown command.
Search for what [? for help]? heal wound Can't find anything matching that.
Unknown command.
It was a potion of heal wounds.
You feel much better. The enchanted long sword hits you!
* * * LOW HITPOINT WARNING * * *
The enchanted long sword closely misses you.
Casting: Searing Ray
Confirm with . or Enter, or press ? or * to list all spells.
Aiming: Throw Icicle
Press: ? - help, Shift-Dir - straight line, f - enchanted long sword
Aim: an enchanted long sword You feel a surge of power!
The shard of ice misses the enchanted long sword.
The enchanted long sword hits you!!
You die...

,,,,,,,,,,,,*#,,#....#
,,,,,,,,,,,,**,,#....#
,>,,,,,,,,,,**,,#.(..#
#*****,,******,,#....#
# **,,* *,,#....# #
*,,,* *,,#..#.# #
*,,,* *,,#..#.#
#####*.,* *###)...#
....#*..#######.@((..#
....#,........#......#
....#,........#......#
....#,........'......#
....#,........#......#
....#,........#......#
....#*#########......#
(##..................#
.(#...............#..#


You could see an enchanted long sword.

Vanquished Creatures
  3 hydras
  2 centaur warriors (D:13)
  4 two-headed ogres
  2 death yaks
  2 tengu warriors
  An unseen horror (D:12)
  A wizard (Lair:6)
  The ghost of Shockey19 the Charmwright, a novice GnSk of Sif Muna (D:6)
  3 ugly things
  2 cyclopes (D:12)
  A salamander (shapeshifter) (D:11)
  A manticore (Lair:2)
  3 ice statues (IceCv)
  5 elephants
  2 centaur skeletons
  2 black mambas
  2 orange demons (Lair:6)
  21 spiny frogs
  7 komodo dragons
  8 rime drakes
  A queen bee (Lair:2)
  A troll (D:13)
  2 polar bears
  Grinder (D:5)
  2 slime creatures (Lair:5)
  6 hippogriffs
  A dream sheep (Lair:5)
  6 wyverns
  4 basilisks
  37 yaks
  A steam dragon (Lair:4)
  A warg (D:9)
  7 nagas (Lair:4)
  An acid dragon (D:11)
  15 water moccasins
  2 hell hounds (Lair:6)
  9 porcupines
  7 ice beasts
  2 sky beasts
  A black bear (D:11)
  8 orc warriors
  A necrophage (D:11)
  6 ogres
  3 phantoms
  16 wolves
  3 centaurs
  A big kobold (D:10)
  15 crocodiles
  16 bullfrogs
  2 scorpions
  A water moccasin skeleton (D:4)
  28 killer bees
  12 wights
  A howler monkey (D:11)
  8 crimson imps
  A centaur zombie (D:8)
  12 orc priests
  3 bullfrog skeletons
  7 hounds
  6 jellies
  6 orc wizards
  4 iguanas
  7 worker ants
  2 worker ant zombies
  10 adders
  7 gnolls
  4 shadow imps
  4 oozes
  3 worms
  4 dart slugs
  7 leopard geckos
  42 orcs
  5 giant cockroaches
  7 goblins
  8 hobgoblins
  10 jackals
  15 kobolds
  4 quokkas
  A ball python (D:6)
  8 bats
  4 frilled lizards
  A leopard gecko skeleton (D:8)
  9 rats
  A fungus (D:9)
503 creatures vanquished.

Vanquished Creatures (others)
  A centaur (D:13)
  22 fulminant prisms
  9 fungi
  7 plants
39 creatures vanquished.

Grand Total: 542 creatures vanquished

Notes
Turn   | Place    | Note
-------+----------+-------------------------------------------
     0 | D:1      | pkoi the Draconian Conjurer began the quest for the Orb.
     0 | D:1      | Reached XP level 1. HP: 14/14 MP: 3/3
   229 | D:1      | Reached XP level 2. HP: 13/20 MP: 0/5
  1154 | D:2      | Reached XP level 3. HP: 26/26 MP: 2/6
  1361 | D:2      | Reached skill level 1 in Short Blades
  1361 | D:2      | Reached skill level 5 in Conjurations
  1807 | D:2      | Learned a level 2 spell: Searing Ray
  1981 | D:2      | Gained mutation: Your spells are a little harder to cast, but a little more powerful. [potion of mutation]
  1981 | D:2      | Gained mutation: Your muscles are strong. (Str +2) [potion of mutation]
  1986 | D:2      | Reached XP level 4. HP: 33/33 MP: 4/7
  2578 | D:3      | Found a snail-covered altar of Cheibriados.
  2633 | D:3      | Reached XP level 5. HP: 37/39 MP: 0/8
  2720 | D:3      | Reached skill level 1 in Fighting
  3552 | D:4      | Found a staircase to the Ecumenical Temple.
  3594 | Temple   | Entered the Ecumenical Temple
  3681 | Temple   | Became a worshipper of Warmaster Okawaru
  3887 | D:4      | Reached XP level 6. HP: 46/48 MP: 4/9
  4027 | D:4      | Found a sparkling altar of Nemelex Xobeh.
  4121 | D:4      | Reached skill level 6 in Conjurations
  4312 | D:5      | Entered Level 5 of the Dungeon
  4875 | D:4      | Your scales start taking on an icy white colour.
  4875 | D:4      | Reached XP level 7. HP: 56/56 MP: 2/10
  4875 | D:4      | Gained mutation: Your flesh is cold resistant. (rC+) [White Draconian growth]
  4966 | D:4      | Reached * piety under Okawaru
  5528 | D:5      | Found a burning altar of Makhleb.
  5737 | D:5      | Reached skill level 1 in Long Blades
  6244 | D:6      | Noticed Shockey19's ghost (novice GnSk)
  6331 | D:6      | Noticed Grinder
  6341 | D:5      | Killed Grinder
  6341 | D:5      | Reached skill level 7 in Conjurations
  6496 | D:6      | Reached XP level 8. HP: 63/63 MP: 1/11
  6502 | D:6      | Learned a level 4 spell: Iskenderun's Mystic Blast
  6507 | D:6      | Learned a level 4 spell: Fulminant Prism
  6733 | D:6      | Reached ** piety under Okawaru
  6733 | D:6      | Reached skill level 1 in Hexes
  6993 | D:6      | Killed Shockey19's ghost
  6993 | D:6      | Reached skill level 8 in Conjurations
  7525 | D:7      | Reached skill level 5 in Long Blades
  7528 | D:7      | Reached XP level 9. HP: 70/70 MP: 7/12
  7742 | D:7      | Found a radiant altar of Vehumet.
  8134 | D:7      | Found a glowing golden altar of the Shining One.
  8278 | D:7      | Reached *** piety under Okawaru
  8656 | D:8      | Found Founyuh's Antique Armour Boutique.
  8888 | D:8      | Reached skill level 9 in Conjurations
  9767 | D:9      | Reached skill level 5 in Hexes
  9778 | D:9      | Reached **** piety under Okawaru
  9854 | D:9      | Noticed a two-headed ogre
 10014 | D:9      | Killed a two-headed ogre
 10014 | D:9      | Reached XP level 10. HP: 17/77 MP: 0/15
 10805 | D:9      | Found a staircase to the Orcish Mines.
 11022 | D:9      | Found a staircase to the Lair.
 11120 | D:9      | Found an ornate altar of the Wu Jian Council.
 11255 | D:9      | Found a deep blue altar of Sif Muna.
 11340 | D:10     | Entered Level 10 of the Dungeon
 11470 | D:10     | Reached skill level 10 in Conjurations
 11501 | D:10     | Reached ***** piety under Okawaru
 11695 | D:10     | Noticed a two-headed ogre
 11712 | D:10     | Killed a two-headed ogre
 12347 | D:10     | Noticed a two-headed ogre
 12353 | D:10     | Killed a two-headed ogre
 12353 | D:10     | Received a gift from Okawaru
 12471 | D:10     | Got a brightly glowing dagger
 12472 | D:10     | Identified the +5 dagger of Duty {flame, Str-3 Dex+10 Stlth+} (You found it on level 10 of the Dungeon)
 12701 | D:10     | Identified 2 scrolls of acquirement
 12702 | D:10     | Identified the Catalogue of Conjuration and Evil (You acquired it on level 10 of the Dungeon)
 12935 | D:11     | Noticed a green ugly thing
 13006 | D:10     | Killed a green ugly thing
 13006 | D:10     | Reached skill level 5 in Fighting
 13006 | D:10     | Reached XP level 11. HP: 54/86 MP: 1/17
 13622 | D:11     | Reached skill level 5 in Dodging
 13656 | D:11     | Noticed a two-headed ogre
 14444 | D:11     | Learned a level 1 spell: Apportation
 14895 | D:11     | Noticed a cyan ugly thing
 14896 | D:11     | Reached skill level 11 in Conjurations
 14896 | D:11     | Reached skill level 1 in Translocations
 14953 | Lair:1   | Entered Level 1 of the Lair of Beasts
 17230 | Lair:2   | Reached ****** piety under Okawaru
 17762 | Lair:2   | Received a gift from Okawaru
 17763 | Lair:2   | Found the +3 warlock's mirror {reflect}
 17798 | Lair:2   | Reached XP level 12. HP: 88/100 MP: 8/18
 18136 | Lair:2   | Reached skill level 1 in Shields
 20011 | Lair:3   | Reached skill level 1 in Invocations
 20094 | Lair:3   | Reached skill level 1 in Evocations
 20563 | Lair:3   | Found a staircase to the Swamp.
 21803 | Lair:1   | Learned a level 2 spell: Ensorcelled Hibernation
 22009 | Lair:4   | Reached skill level 12 in Conjurations
 22223 | Lair:4   | Reached skill level 1 in Ice Magic
 22309 | Lair:4   | Found a burning altar of Makhleb.
 22510 | Lair:4   | Learned a level 4 spell: Throw Icicle
 22529 | Lair:4   | Found a staircase to the Snake Pit.
 23123 | Lair:5   | Found a staircase to the Slime Pits.
 23234 | Lair:5   | Received a gift from Okawaru
 23235 | Lair:5   | Found the +7 Singing Sword
 23634 | Lair:5   | Noticed a five-headed hydra
 23638 | Lair:5   | Killed a five-headed hydra
 23638 | Lair:5   | Reached XP level 13. HP: 97/105 MP: 14/19
 23860 | Lair:6   | Entered Level 6 of the Lair of Beasts
 24904 | Lair:6   | Received a gift from Okawaru
 24905 | Lair:6   | Got a faintly humming hat {god gift}
 24906 | Lair:6   | Identified the +0 hat of Monotheism {MR+} (Okawaru gifted it to you on level 6 of the Lair of Beasts)
 25114 | Lair:6   | Found a shimmering altar of Xom.
 25249 | Lair:6   | Reached skill level 5 in Short Blades
 25527 | Lair:6   | Learned a level 3 spell: Ozocubu's Armour
 25533 | Lair:6   | Reached skill level 5 in Ice Magic
 25857 | Lair:5   | Reached skill level 1 in Charms
 25995 | Lair:6   | Reached skill level 5 in Spellcasting
 26043 | Lair:6   | Reached skill level 5 in Stealth
 27229 | Lair:6   | Found a burning altar of Makhleb.
 28461 | D:12     | Found a shimmering altar of Xom.
 30401 | D:12     | Reached skill level 13 in Conjurations
 30401 | D:12     | Reached XP level 14. HP: 86/113 MP: 1/21
 30616 | D:12     | Received a gift from Okawaru
 30846 | D:13     | Found a frozen archway.
 30876 | IceCv    | Entered an ice cave
 32090 | D:13     | Slain by an enchanted long sword

Skill      XL: |  1  2  3  4  5  6  7  8  9 10 11 12 13 14 |
---------------+-------------------------------------------+-----
Short Blades   | 1 2 3 4 5 |  5.0
Conjurations   | 5 6 7 8 9 10 11 12 13 | 13.4
Dodging        | 2 3 4 6 |  6.8
Fighting       | 2 3 5 7 |  7.2
Long Blades    | 3 5 7 8 9 |  9.5
Hexes          | 3 5 6 7 8 |  8.7
Spellcasting   | 3 4 5 |  5.0
Translocations | 3 4 |  4.0
Shields        | 4 |  4.0
Invocations    | 2 |  2.7
Evocations     | 2 |  2.0
Stealth        | 3 5 |  5.6
Ice Magic      | 3 7 8 |  8.7
Charms         | 2 |  2.6

Action                   |  1- 3 |  4- 6 |  7- 9 | 10-12 | 13-15 || total
-------------------------+-------+-------+-------+-------+-------++-------
Melee: Unarmed           |    14 |       |       |       |       ||    14
       Dagger            |    15 |   132 |    45 |    55 |    74 ||   321
       Tailslap          |     4 |    16 |     8 |    11 |    13 ||    52
       Scimitar          |       |       |    14 |       |       ||    14
       Staff             |       |       |     6 |    15 |       ||    21
       Long sword        |       |       |     4 |    22 |       ||    26
       Great sword       |       |       |       |    28 |       ||    28
       Double sword      |       |       |       |       |    55 ||    55
 Cast: Magic Dart        |    76 |    66 |    88 |    78 |    29 ||   337
       Searing Ray       |     1 |    18 |    55 |   172 |    64 ||   310
       Fulminant Prism   |       |       |     1 |     9 |    12 ||    22
       Iskenderun's Myst |       |       |       |    18 |     1 ||    19
       Ensorcelled Hiber |       |       |       |    50 |    65 ||   115
       Throw Icicle      |       |       |       |       |    55 ||    55
 Abil: Breathe Frost     |       |       |     2 |     1 |     1 ||     4
Evoke: Wand              |       |       |     1 |       |     2 ||     3
  Use: Potion            |     6 |       |     3 |     3 |     2 ||    14
       Scroll            |       |     8 |     2 |    14 |     8 ||    32
 Stab: Sleeping          |       |     1 |     2 |    30 |    32 ||    65
       Petrified         |       |       |       |     2 |       ||     2
  Eat: Chunk             |     5 |    11 |    13 |    28 |    43 ||   100
       Ration            |       |       |     2 |     7 |     3 ||    12
Armor: Skin              |     6 |    63 |    56 |    96 |    88 ||   309
Dodge: Dodged            |    19 |   106 |   117 |   278 |   180 ||   700
Block: Other             |       |       |       |    20 |       ||    20
       Buckler           |       |       |       |   131 |   170 ||   301
       Reflection        |       |       |       |     4 |    17 ||    21
       Rpst.: Scimitar   |       |       |     5 |       |       ||     5
       Great sword       |       |       |       |    12 |       ||    12
       Long sword        |       |       |       |     5 |       ||     5
       Double sword      |       |       |       |       |     9 ||     9
